AoeStats
← Hanzen_man

Nomad

503133007Analyzed
3v3 RM · 1mo ago on Aug 30, 2026· 77m 27s· 6 players
Game mode
Random Map
Map size
210×210
Population
200
Speed
Normal
Resources
Standard
Victory
Conquest
Starting age
Dark Age
Ending age
Imperial Age
RankedLock teamsTeams togetherTeam positionsShared explorationLock speedFull tech treeHidden civsTurbo modeCheats
Victory
Defeat
🇩🇪 Vietnamese · Germany
1089
+15
🇺🇸 Persians · United States
1089
+15
🇹🇼 Chinese · Taiwan
1000
+59
🇦🇺 Malians · Australia
1129
-19
🇺🇸 Byzantines · United States
1059
-16
🇬🇧 Ethiopians · United Kingdom
1024
-14
Coalpool6926
6:26 Loom
15:03 Feudal Age
16:15 Arson
15:54 Man-at-Arms
18:09 Double-Bit Axe
18:15 Horse Collar
18:47 Fletching
19:16 Scale Mail Armor
24:16 Padded Archer Armor
27:30 Castle Age
26:33 Forging
27:36 Elite Skirmisher
28:34 Bodkin Arrow
28:03 Crossbowman
32:55 Bow Saw
40:32 Town Watch
51:16 Wheelbarrow
51:20 Squires
67:38 Hand Cart
76:28 Thumb Ring
Nosjir
9:52 Loom
16:18 Feudal Age
25:18 Castle Age
23:40 Fletching
26:19 Bodkin Arrow
26:37 Forging
27:37 Pikeman
30:29 Iron Casting
29:54 Scale Mail Armor
33:02 Chain Mail Armor
39:49 Double-Bit Axe
54:17 Imperial Age
67:49 Halberdier
68:48 Gold Mining
71:40 Capped Ram
vladtheimpalerofyourmom
17:28 Feudal Age
19:16 Wheelbarrow
18:29 Double-Bit Axe
20:37 Gold Mining
24:42 Castle Age
22:58 Horse Collar
25:37 Medium Warships
26:12 Bow Saw
29:11 Fletching
29:21 Padded Archer Armor
31:30 Bodkin Arrow
31:28 Man-at-Arms
32:24 Squires
32:10 Arson
34:25 Hand Cart
34:41 Loom
34:22 Pikeman
35:13 Long Swordsman
38:20 Gold Shaft Mining
37:35 Stone Mining
37:53 Scale Mail Armor
38:03 Forging
40:29 Elite Skirmisher
41:15 Thumb Ring
42:41 Leather Archer Armor
45:42 Chain Mail Armor
46:02 Iron Casting
47:01 Heavy Plow
49:42 Imperial Age
51:14 Plate Mail Armor
52:06 Crop Rotation
51:51 Scale Barding Armor
51:46 Light Cavalry
52:37 Bloodlines
52:27 Husbandry
52:20 Heavy Camel Rider
53:58 Chain Barding Armor
56:02 Plate Barding Armor
58:25 Capped Ram
61:29 Ring Archer Armor
Beans
13:33 Feudal Age
11:49 Loom
15:14 Double-Bit Axe
17:58 Castle Age
16:46 Fishing Lines
18:34 Gillnets
19:12 Bow Saw
19:31 Scale Barding Armor
20:53 Gold Mining
21:20 Bloodlines
21:14 Husbandry
24:23 Gold Shaft Mining
23:41 Stone Mining
25:35 Chain Barding Armor
27:03 Medium Warships
28:04 Forging
30:31 Wheelbarrow
32:26 Fletching
35:38 Imperial Age
33:29 Hand Cart
34:26 Kamandaran
34:47 Bodkin Arrow
35:26 Horse Collar
35:24 Crossbowman
36:10 Thumb Ring
37:55 Plate Barding Armor
37:20 Padded Archer Armor
38:20 Cavalier
39:40 Ballistics
40:21 Chemistry
39:45 Conscription
41:47 Savar
45:50 Leather Archer Armor
47:02 Two-Man Saw
46:05 Heavy Plow
49:24 Town Watch
50:31 Crop Rotation
53:17 Citadels
52:29 Elite War Elephant
57:17 Stone Shaft Mining
57:49 Ring Archer Armor
57:55 Iron Casting
58:04 Murder Holes
58:21 Masonry
58:49 Hoardings
61:02 Blast Furnace
63:16 Town Patrol
Hanzen_man
5:02 Loom
13:58 Feudal Age
19:14 Castle Age
17:54 Double-Bit Axe
18:20 Horse Collar
19:17 Stone Mining
30:35 Fletching
34:53 Bodkin Arrow
34:58 Padded Archer Armor
Charlesgggwp
6:49 Loom
16:45 Feudal Age
21:45 Town Watch
22:31 Horse Collar
24:58 Double-Bit Axe
30:02 Man-at-Arms
34:22 Wheelbarrow
Connection lost

Rejoining the realm…

Still unreachable

The connection could not be restored.

Session expired

The server has moved on; the page needs a fresh start.